 Dungeon Crawl Stone Soup version 0.18-a0-1692-g516f9e9 (webtiles) character file.

1101 4thArraOfDagon the Cleaver (level 8, 0/71 HPs)
             Began as a Hill Orc Berserker on Apr 5, 2016.
             Was a Believer of Trog.
             Killed from afar by a hell hound (16 damage)
             ... with a blast of flame
             ... on level 9 of the Dungeon.
             The game lasted 00:08:33 (1726 turns).

4thArraOfDagon the Cleaver (Hill Orc Berserker)     Turns: 1726, Time: 00:08:34

Health: 0/71       AC: 14    Str: 27    XL:     8   Next: 32%
Magic:  8/8        EV:  7    Int:  7    God:    Trog [**....]
Gold:   273        SH:  0    Dex: 10    Spells: 0 memorised, 7 levels left

rFire  . . .     SeeInvis .     a - +0 hand axe
rCold  . . .     Gourm    .     m - +0 plate armour
rNeg   . . .     Faith    .     (no shield)
rPois  .         Spirit   .     b - +0 helmet
rElec  .         Dismiss  .     d - +0 cloak
rCorr  .         Reflect  .     (no gloves)
SustAt .         Harm     .     (no boots)
MR     .....     Rnd*Tele +     h - amulet of inaccuracy (curse)
Stlth  ..........               (no ring)
                                r - ring of teleportation (curse)

@: mighty, exhausted, slowed, drained, very slow, not resistant to hostile
enchantments, extremely unstealthy
A: no striking features
a: Berserk, Trog's Hand, Burn Spellbooks, Renounce Religion


You were on level 9 of the Dungeon.
You worshipped Trog.
Trog was pleased with you.
You were hungry.

You visited 1 branch of the dungeon, and saw 10 of its levels.

You collected 273 gold pieces.

Inventory:

Hand Weapons
 a - a +0 hand axe (weapon)
 j - a +0 great mace
Missiles
 e - 3 javelins (quivered)
Armour
 b - a +0 helmet (worn)
 d - a +0 cloak (worn)
 m - a +0 plate armour (worn)
 o - a +0 chain mail
Jewellery
 h - a cursed amulet of inaccuracy (around neck)
 r - a cursed ring of teleportation (left hand)
Wands
 g - a wand of confusion (7/48)
 s - a wand of acid (0/15)
 v - a wand of digging (9/24)
Scrolls
 k - 2 scrolls of random uselessness
Potions
 f - a potion of curing
 i - 2 potions of agility
 l - a potion of berserk rage
 n - a potion of heal wounds {unknown}
 p - 2 potions of degeneration {unknown}
 t - a potion of ambrosia {unknown}
Miscellaneous
 q - a plain deck of defence {drawn: 2}
Comestibles
 c - 2 bread rations
 u - a chunk of flesh
 w - a meat ration


   Skills:
 + Level 6.9(5.9) Fighting
 * Level 9.6(8.5) Axes
 + Level 5.4(4.4) Armour
 - Level 1.5(0.6) Dodging


You had 7 spell levels left.
You didn't know any spells.

Dungeon Overview and Level Annotations

Branches:
Dungeon (10/15)
 Temple: D:4-7         Lair: D:8-11         Orc: D:9-12

Altars:
Dithmenos
Fedhas
Gozag
Nemelex Xobeh
Okawaru
Yredelemnul

Shops:
D:7 =   D:9 [


Message History

The bolt of acid misses the hell hound.
The bolt of acid hits the hell hound.
The hell hound is heavily wounded.
Evoking this partially-identified wand wasted a few charges.
The hell hound stops to sniff the ground.
The hell hound bites you but does no damage. x2
The hell hound bites you!
* * * LOW HITPOINT WARNING * * *
Unknown command.
Evoke which item? (* to show all) (? for menu, Esc to quit)
Zapping:
s - a wand of acid {zapped: 7} (will waste charges)
Press: ? - help, Shift-Dir - straight line, f/p - hell hound
Aim: a hell hound (severely wounded)
The bolt of acid misses the hell hound. x2
Evoking this partially-identified wand wasted a few charges.
The hell hound bites you.
* * * LOW HITPOINT WARNING * * *
The hell hound breathes flames at you.
The blast of flame hits the hell hound.
The hell hound completely resists.
The blast of flame hits you!
You die...

#.# #.#### #.... # ##..# .#
##...## .#
..######.....#####.###
#........÷...........###
####.#####..####........
#..# #@#.#.# #..####h#.#.#
.# ##......h>.#)# .# ##
##...####.###.###.# ..
##.....###.........### ..
##.......#####........#
..####.........##......###.
.^...'.........+.......#
..####....∩....##.#....#


You could see 2 hell hounds.

Vanquished Creatures
  Sigmund (D:2)
  A phantom (D:3)
  2 ogres
  A centaur (D:5)
  2 giant frogs
  A howler monkey (D:9)
  A giant frog zombie (D:9)
  2 hounds
  3 centaur skeletons
  A jelly (D:10)
  An orc wizard (D:8)
  An iguana (D:4)
  2 worker ants
  A killer bee zombie (D:9)
  Robin (D:2)
  3 adders
  4 gnolls (D:10)
  A shadow imp (D:7)
  An ooze (D:3)
  An adder skeleton (D:5)
  3 giant geckos
  8 orcs
  A giant cockroach (D:1)
  14 goblins
  2 hobgoblins
  4 bats
  2 kobolds (D:3)
65 creatures vanquished.

Vanquished Creatures (others)
  2 plants (D:8)
2 creatures vanquished.

Grand Total: 67 creatures vanquished

Notes
Turn   | Place    | Note
--------------------------------------------------------------
     0 | D:1      | 4thArraOfDagon the Hill Orc Berserker began the quest for the Orb.
     0 | D:1      | Reached XP level 1. HP: 19/19 MP: 1/1
    86 | D:1      | Reached XP level 2. HP: 23/27 MP: 2/2
   118 | D:2      | Noticed Robin
   127 | D:2      | Killed Robin
   128 | D:2      | Reached XP level 3. HP: 33/33 MP: 3/3
   185 | D:2      | You fall through a shaft!
   185 | D:3      | Noticed a phantom
   196 | D:3      | Reached ** piety under Trog
   201 | D:3      | Reached skill level 5 in Axes
   203 | D:3      | Killed a phantom
   203 | D:3      | Reached XP level 4. HP: 41/41 MP: 4/4
   203 | D:3      | Reached XP level 5. HP: 47/47 MP: 5/5
   265 | D:3      | Reached skill level 6 in Axes
   320 | D:2      | Noticed Sigmund
   329 | D:2      | Killed Sigmund
   329 | D:2      | Reached skill level 5 in Fighting
   329 | D:2      | Reached XP level 6. HP: 56/56 MP: 6/6
   511 | D:4      | Reached skill level 7 in Axes
   541 | D:4      | Found an iron altar of Okawaru.
   568 | D:4      | CANT
   568 | D:4      | FUCKIn
   627 | D:4      | inacc 4 win
   734 | D:5      | Entered Level 5 of the Dungeon
   747 | D:5      | Found a shadowy altar of Dithmenos.
   790 | D:5      | Found a blossoming altar of Fedhas.
   817 | D:5      | Found an opulent altar of Gozag.
   848 | D:5      | Reached XP level 7. HP: 61/61 MP: 7/7
   986 | D:5      | Reached skill level 8 in Axes
  1055 | D:6      | Found a sparkling altar of Nemelex Xobeh.
  1214 | D:7      | Found Woderch's Jewellery Shoppe.
  1322 | D:8      | Reached skill level 5 in Armour
  1326 | D:8      | INACC FOR THE WIN
  1335 | D:8      | +free drain
  1387 | D:8      | Reached skill level 9 in Axes
  1408 | D:8      | Reached XP level 8. HP: 34/71 MP: 8/8
  1586 | D:9      | Found Olosaun's Armour Emporium.
  1666 | D:10     | Entered Level 10 of the Dungeon
  1666 | D:10     | Found a basalt altar of Yredelemnul.
  1726 | D:9      | Killed from afar by a hell hound

Vault maps used:
D:1:      lightli_arrival_quake, hex_intersection
D:2:      nemelex_spade_bored_becter, uniq_sigmund, uniq_robin
D:3:      first_bread
D:4:      okawaru_metal_pillars_1_2, kennysheep_diamond, elyvilon_altar_1
D:5:      lemuel_crystal_altar, fedhas_altar_1, portal_sewer_entry_a,
          grunt_dithmenos_smoke
D:6:      nemelex_deck, serial_shops, shop
D:7:      kennysheep_little_box, minmay_temple_entry_glass, serial_shops, shop,
          shop, shop, the_bakery
D:8:      kennysheep_housing_project, hangedman_decor_growths,
          minmay_misc_feat_tiny, due_unseen_surprise
D:9:      grunt_temple_overflow_champion_of_chaos, david_orc_2, serial_shops,
          shop, shop
D:10:     minmay_lair_entry_lava, yredelemnul_altar_generic

Skill      XL: |  1  2  3  4  5  6  7 |
---------------+----------------------+-----
Fighting       | 4 5 6 |  6.9
Axes           | 5 6 7 9 |  9.6
Armour         | 3 4 5 |  5.4
Dodging        | |  1.5

Action                   |  1- 3 |  4- 6 |  7- 9 || total
-------------------------+-------+-------+-------++-------
Melee: Hand axe          |    35 |   162 |   169 ||   366
Invok: Berserk           |     2 |     5 |     6 ||    13
       Trog's Hand       |       |     1 |     5 ||     6
Evoke: Wand              |       |       |    11 ||    11
       Deck              |       |       |     2 ||     2
  Use: Scroll            |     3 |     4 |     1 ||     8
       Potion            |       |       |     1 ||     1
 Stab: Confused          |       |       |     1 ||     1
  Eat: Chunk             |       |     6 |     9 ||    15
       Pizza             |       |       |     1 ||     1
